 Dungeon Crawl Stone Soup version 0.31-a0-750-gfe7b580527 (webtiles) character file.

Game seed: 17690736989246839096

2 fetfluga the Grave Robber (level 1, -3/14 HPs)
             Began as a Ghoul Necromancer on Sept 14, 2023.
             Slain by a gnoll
             ... wielding a +0 spear
              (6 damage)
             ... on level 1 of the Dungeon.
             The game lasted 00:01:46 (33 turns).

fetfluga the Grave Robber (Ghoul Necromancer)         Turns: 33, Time: 00:01:46

Health: -3/14      AC:  2    Str: 11    XL:     1   Next: 30%
Magic:  0/2        EV: 12    Int: 10    God:
Gold:   0          SH:  0    Dex:  9    Spells: 2/3 levels left

rFire   . . .        (no weapon)
rCold   + . .        (no shield)
rNeg    + + +        a - +0 robe
rPois   ∞            (no helmet)
rElec   .            (no cloak)
rCorr   .            (no gloves)
SInv    .            (no boots)
Will    .....        (no amulet)
Stlth   ++           (no ring)
HPRegen 0.00/turn    (no ring)
MPRegen 0.08/turn

%: no passive effects
@: inhibited regen
A: claws 1, cold resistance 1, negative energy resistance 3, inhibited
regeneration, torment resistance 2, devour on kill
a: no special abilities


You were on level 1 of the Dungeon.
You visited 1 branch of the dungeon, and saw 1 of its levels.

Inventory:

Armour
 a - a +0 robe (worn)
Potions
 b - a potion of magic


   Skills:
 + Level 1.7 Dodging
 + Level 2.1 Stealth
 + Level 1.7 Spellcasting
 + Level 4.1 Necromancy


You had 2 spell levels left.
You knew the following spells:

 Your Spells              Type           Power      Damage    Failure   Level
a - Necrotise             Necr           36%        1d5       6%          1

Your spell library contained the following spells:

 Spells                   Type           Power      Damage    Failure   Level
 Vampiric Draining        Necr           9%         2d6       19%         3
 Animate Dead             Necr           9%         N/A       52%         4
 Agony                    Necr           9%         N/A       86%         5


Dungeon Overview and Level Annotations

Branches:
Dungeon (1/15)

Altars:


Innate Abilities, Weirdness & Mutations

You are immune to poison.
You have sharp fingernails.
Your flesh is cold resistant. (rC+)
You are immune to negative energy. (rN+++)
You do not regenerate when monsters are visible.
You are immune to unholy pain and torment.
You thrive by killing the living.


Message History

Casting: Necrotise (safe; 6% risk of failure)
Confirm with . or Enter, or press ? or * to list all spells.
Aiming: Necrotise (safe; 6% risk of failure)
Press: ? - help, Shift-Dir - straight line, f - bat
Aim: a bat (chance to affect: 75%)
The bat writhes in agony.
The bat hits you but does no damage.
Casting: Necrotise (safe; 6% risk of failure)
Confirm with . or Enter, or press ? or * to list all spells.
Aiming: Necrotise (safe; 6% risk of failure)
Press: ? - help, Shift-Dir - straight line, f - gnoll, p - bat
Aim: a gnoll, wielding a +0 spear (chance to affect: 67%)
The gnoll writhes in agony.
The bat hits you but does no damage. The bat barely misses you.
You barely miss the bat.
The bat is moderately wounded.
The bat hits you. The bat hits you but does no damage.
The bat completely misses you. The gnoll hits you with a +0 spear.
You scratch the giant cockroach.
The giant cockroach is moderately wounded.
The bat closely misses you. The giant cockroach barely misses you.
The gnoll closely misses you.
You closely miss the giant cockroach.
The giant cockroach is moderately wounded.
The bat hits you.
The giant cockroach bites you but does no damage.
The gnoll closely misses you. The giant cockroach closely misses you.
You scratch the giant cockroach but do no damage.
The giant cockroach is moderately wounded.
The bat hits you.
The giant cockroach bites you but does no damage.
The gnoll hits you with a +0 spear.
You scratch the giant cockroach.
You kill the giant cockroach!
The bat misses you. The gnoll hits you with a +0 spear.
* * * LOW HITPOINT WARNING * * *
You scratch the bat.
The bat is severely wounded.
The bat hits you but does no damage. The gnoll hits you with a +0 spear.
You die...

#. ### #. #.. $.#.#
##+#### .... .#.#
P#.#PP## ..# (.########
.#.#~~P##... #.........
.#.#~~~P##.## #........#
.#.#~~~~P#..####........#
.#.#~~~~P#..##.+@.b......
##.#######..##.#.g.......
..<......'.†##.##$...##..
##.#######.....##....# .
~#.#...PP#.....##....#
~#.#....P#.###.##....#
~#.#.PPP##.. #.##....#
~#.#.PP##... ..# ....#
P#.#PP##..##.###


You could see a gnoll and a bat.

Vanquished Creatures
  A giant cockroach (D:1)
  A rat (D:1)
2 creatures vanquished.

Notes
Turn   | Place    | Note
-------+----------+-------------------------------------------
     0 | D:1      | fetfluga the Ghoul Necromancer began the quest for the Orb.
     0 | D:1      | Reached XP level 1. HP: 14/14 MP: 2/2
    33 | D:1      | Slain by a gnoll

Illustrated notes

Levels and vault maps discovered:
D:1:      psy_arrival_terrarium, layout_basic, hangedman_feature_mirror,
          minmay_split_cup_large

Action                     || total
---------------------------++-------
  Melee: Unarmed           ||     8
   Cast: Necrotise         ||     2
 Armour: Robe              ||    13
  Dodge: Dodged            ||    10

Table legend: (Time is in decaauts)
 A = Elapsed time spent in this place.
 B = Non-inter-level travel time spent in this place.
 C = Inter-level travel time spent in this place.
 D = Time resting spent in this place.
 E = Time spent auto-exploring this place.
 F = Levels seen in this place.
 G = Mean time per level.
                   A        B        C        D        E       F      G
               +--------+--------+--------+--------+--------+-----+--------+
         Total |     33 |     33 |      0 |      0 |      0 |   1 |   33.0 |
       Dungeon |     33 |     33 |      0 |      0 |      0 |   1 |   33.0 |
               +--------+--------+--------+--------+--------+-----+--------+

Top non-repeatable levels by time:
     D:1: 33 daAuts
